 Dungeon Crawl Stone Soup version 0.28.0-45-g0d030f2227 (webtiles) character file.

Game seed: 8158065183426759663

626 Eitelfritz the Poker (level 7, -4/52 HPs)
             Began as a Demonspawn Gladiator on Apr 19, 2022.
             Slain by Blork the orc
             ... wielding a +0 scimitar
              (10 damage)
             ... on level 4 of the Dungeon.
             The game lasted 00:11:44 (4365 turns).

Eitelfritz the Poker (Demonspawn Gladiator)         Turns: 4365, Time: 00:11:45

Health: -4/52      AC:  5    Str: 16    XL:     7   Next: 23%
Magic:  7/7        EV: 13    Int:  9    God:
Gold:   124        SH:  0    Dex: 21    Spells: 6/6 levels left

rFire   . . .      SeeInvis .   a - +0 trident
rCold   . . .      Faith    .   (no shield)
rNeg    . . .      Spirit   .   b - +0 leather armour
rPois   .          Reflect  .   c - +0 helmet
rElec   .          Harm     .   t - +0 cloak
rCorr   .          Rampage  .   (no gloves)
Will    .....                   (no boots)
Stlth   ++........              (no amulet)
HPRegen 0.17/turn               i - ring of flight
MPRegen 0.10/turn               g - +6 ring of dexterity

@: flying
A: hooves 2, powered by pain 1, weakness stinger 1, demonic touch 2
a: no special abilities


You were on level 4 of the Dungeon.
You visited 1 branch of the dungeon, and saw 4 of its levels.

You collected 124 gold pieces.

Inventory:

Hand Weapons
 a - a +0 trident (weapon)
Missiles
 d - 3 throwing nets (quivered)
 n - 11 poisoned darts
Armour
 b - a +0 leather armour (worn)
 c - a +0 helmet (worn)
 r - a +0 scale mail
 t - a +0 cloak (worn)
Jewellery
 g - a +6 ring of dexterity (right hand)
 i - a ring of flight (left hand)
 k - a ring of see invisible
Wands
 m - a wand of polymorph (5)
 s - a wand of iceblast (19)
 z - a wand of mindburst (6)
Scrolls
 f - 3 scrolls of vulnerability
 h - 4 scrolls of teleportation
 l - a scroll of immolation
 v - a scroll of fog {unknown}
 w - a scroll of holy word {unknown}
 x - a scroll of torment {unknown}
 y - a scroll of enchant armour {unknown}
Potions
 e - 3 potions of ambrosia
 j - a potion of curing
 p - a potion of heal wounds {unknown}
 u - a potion of lignification {unknown}


   Skills:
 + Level 3.5 Fighting
 + Level 5.9 Polearms
 + Level 1.9 Throwing
 + Level 2.0 Armour
 + Level 3.5 Dodging
 + Level 1.9 Stealth


You had 6 spell levels left.
You didn't know any spells.
Your spell library was empty.

Dungeon Overview and Level Annotations

Branches:
Dungeon (4/15)
 Temple: D:4-7

Altars:

Shops:
D:3 ([=   D:4 :*

Annotations:
D:4 Blork the orc, Dowan


Innate Abilities, Weirdness & Mutations

You have hoof-like feet.
You sometimes gain a little power by taking damage.
You have a small tail.
Your touch may inflict irresistible damage on your foes.


Message History

The ogre is severely wounded.
The ogre barely misses you.
You completely miss the ogre. You kick the ogre, but do no damage.
Your punch misses the ogre.
The ogre is severely wounded.
The ogre hits you with a +0 giant club.
You hit the ogre. You kick the ogre.
You kill the ogre!
Blork the orc hits you with a +0 scimitar.
Your Armour skill increases to level 2!
You closely miss Blork the orc.
You touch Blork the orc.
Blork the orc is lightly wounded.
Blork the orc points at you and mumbles some strange words.
The puff of frost misses you.
You barely miss Blork the orc. Your kick misses Blork the orc.
Blork the orc is lightly wounded.
Blork the orc hits you with a +0 scimitar!
Blork the orc grins evilly.
Blork the orc closely misses you.
You puncture Blork the orc! You kick Blork the orc.
Blork the orc is heavily wounded.
Blork the orc hits you with a +0 scimitar!
* * * LOW HITPOINT WARNING * * *
You feel better.
Blork the orc hits you with a +0 scimitar.
* * * LOW HITPOINT WARNING * * *
Blork the orc completely misses you.
Okay, then.
Unknown command.
You puncture Blork the orc! You punch Blork the orc.
Blork the orc is almost dead.
Blork the orc begins to cast a cantrip, but forgets the words!
You barely miss Blork the orc.
You kick Blork the orc, but do no damage.
Blork the orc is almost dead.
Blork the orc gestures at you while chanting.
The puff of frost hits you!
* * * LOW HITPOINT WARNING * * *
Blork the orc hits you with a +0 scimitar!
You die...

...... ...e.. #
.... .# ..
#####.### #
#........ #
#........ #
#.......$
#####........
#.@o.........
♣.....###........
# .....##
#.....).. . ...♣
..##.#### . ..
### .# . # . .. .


You could see Blork the orc (fast).

Vanquished Creatures
  A water moccasin (D:3)
  An ogre (D:4)
  A phantom (D:3)
  An orc priest (D:4)
  Crazy Yiuf (D:2)
  A hound (D:4)
  An iguana (D:4)
  2 orc wizards
  Terence (D:2)
  Robin (D:2)
  6 adders
  A howler monkey skeleton (D:3)
  A worm (D:3)
  2 dart slugs
  7 orcs
  8 endoplasms
  4 giant cockroaches
  4 goblins (D:2)
  17 hobgoblins
  5 jackals
  2 quokkas
  9 ball pythons
  8 bats
  A frilled lizard (D:1)
  4 kobolds
  5 rats
95 creatures vanquished.

Notes
Turn   | Place    | Note
-------+----------+-------------------------------------------
     0 | D:1      | Eitelfritz the Demonspawn Gladiator began the quest for the
                  | Orb.
     0 | D:1      | Reached XP level 1. HP: 16/16 MP: 1/1
   384 | D:1      | Reached skill level 3 in Polearms
   422 | D:1      | Discovered your monstrous ancestry.
   422 | D:1      | Gained mutation: Your touch may inflict minor irresistible
                  | damage on your foes. [demonic ancestry]
   422 | D:1      | Reached XP level 2. HP: 22/22 MP: 2/2
  1264 | D:2      | Gained mutation: You have large cloven feet. [demonic
                  | ancestry]
  1264 | D:2      | Reached XP level 3. HP: 25/27 MP: 3/3
  1286 | D:2      | Noticed Robin
  1326 | D:2      | Killed Robin
  1618 | D:2      | Noticed Terence
  1626 | D:2      | Killed Terence
  1627 | D:2      | Reached skill level 4 in Polearms
  1627 | D:2      | Gained mutation: Your touch may inflict irresistible damage
                  | on your foes. [demonic ancestry]
  1627 | D:2      | Reached XP level 4. HP: 23/34 MP: 4/4
  2142 | D:2      | Found a runed translucent door.
  2143 | D:2      | Noticed Crazy Yiuf
  2198 | D:2      | Killed Crazy Yiuf
  2199 | D:2      | Gained mutation: You sometimes gain a little power by
                  | taking damage. [demonic ancestry]
  2199 | D:2      | Reached XP level 5. HP: 31/39 MP: 5/5
  2492 | D:3      | Found Owevirup's Armour Boutique.
  2530 | D:3      | Reached skill level 1 in Armour
  2593 | D:3      | Noticed a water moccasin
  2601 | D:3      | Killed a water moccasin
  2602 | D:3      | Reached skill level 5 in Polearms
  2602 | D:3      | Gained mutation: You have hoof-like feet. [demonic
                  | ancestry]
  2602 | D:3      | Reached XP level 6. HP: 24/46 MP: 6/6
  2612 | D:3      | HP: 2/46 [poisoned by a water moccasin]
  2910 | D:3      | Found Opiwk's Jewellery Emporium.
  2914 | D:3      | Reached skill level 1 in Stealth
  3536 | D:3      | Found Vuisu Vetown's Antique Weapon Boutique.
  4042 | D:4      | Found Woyq's Neck Hole.
  4062 | D:4      | Found Ytosan's Book Emporium.
  4141 | D:4      | Gained mutation: You have a small tail. [demonic ancestry]
  4141 | D:4      | Reached XP level 7. HP: 31/52 MP: 7/7
  4142 | D:4      | Noticed Dowan
  4346 | D:4      | Noticed Blork the orc
  4365 | D:4      | Slain by Blork the orc

Illustrated notes

Levels and vault maps discovered:
D:1:      scummos_arrival_forest, layout_basic, minmay_cut_off
D:2:      minmay_skewed_foursquare, layout_basic, supply_closet_lemuel,
          palyth_stone_intersect, minmay_surrounded, uniq_robin,
          uniq_crazy_yiuf_cottage, uniq_terence
D:3:      layout_loops_corners, serial_shops, shop_fountains, shop, shop
D:4:      layout_rooms, serial_shops,
          nicolae_shop_temple_entry_statues_fountains, grunt_ministairs_2,
          minmay_misc_feat_five, minmay_misc_feat_plants,
          nicolae_shop_sticking_my_neck_out, uniq_blork_the_orc, uniq_duvessa

Skill      XL: |  1  2  3  4  5  6  7 |
---------------+----------------------+-----
Polearms       | 3 4 5 |  5.9
Dodging        | 3 |  3.5
Armour         | 1 2 |  2.0
Fighting       | 3 |  3.5
Stealth        | 1 |  1.9
Throwing       | |  1.9

Action                   |  1- 3 |  4- 6 |  7- 9 || total
-------------------------+-------+-------+-------++-------
Melee: Trident           |   104 |   150 |    19 ||   273
       Punch             |     2 |     1 |     1 ||     4
       Touch             |    11 |    27 |     4 ||    42
       Kick              |     5 |    30 |     6 ||    41
       Tailslap          |       |       |     2 ||     2
  Use: Scroll            |       |       |     5 ||     5
       Potion            |       |       |     1 ||     1
 Stab: Sleeping          |     1 |     7 |       ||     8
Armor: Leather armour    |    28 |    23 |       ||    51
Dodge: Dodged            |    59 |    63 |     6 ||   128
